 Dungeon Sprint DCSS version 0.27-a0-1200-g94dc6ad4cf (webtiles) character file.

Game seed: 8712365959260848720

67 Conn the Magician (level 4, 0/27 HPs)
             Began as an Octopode Hedge Wizard on May 30, 2021.
             Slain by Sigmund
             ... wielding a +0 scythe
              (15 damage)
             ... in the Dungeon (Sprint I: "Red Sonja").
             The game lasted 00:05:52 (290 turns).

Conn the Magician (Octopode Hedge Wizard)            Turns: 290, Time: 00:05:52

Health: 0/27       AC:  1    Str:  9    XL:     4   Next: 18%
Magic:  2/12       EV: 13    Int: 17    God:
Gold:   54         SH:  0    Dex: 11    Spells: 5/15 levels left

rFire    . . .     SeeInvis .   c - +1 dagger (speed)
rCold    . . .     Faith    .   (no shield)
rNeg     . . .     Spirit   .   b - +0 hat
rPois    .         Reflect  .   (no amulet)
rElec    .         Harm     .   (no ring)
rCorr    .         Rampage  .   (no ring)
Will     .....     NoTele   +   (no ring)
Stlth    +++.......             (no ring)
HPRegen  0.09/turn              (no ring)
MPRegen  0.13/turn              (no ring)
                                (no ring)
                                (no ring)

@: hasted, very quick
A: almost no armour, amphibious, 8 rings, camouflage 1, gelatinous body 1,
(nimble swimmer 1), tentacles
a: no special abilities


You were in the Dungeon.
You visited 1 branch You collected 54 gold pieces.

Inventory:

Hand Weapons
 a - a +0 dagger
 c - a +1 dagger of speed (weapon)
Armour
 b - a +0 hat (worn)
Scrolls
 i - a scroll of blinking
Potions
 d - a potion of curing
 g - 2 potions of magic


   Skills:
 + Level 2.5 Dodging
 + Level 3.3 Stealth
 * Level 6.0 Spellcasting
 * Level 2.5 Conjurations
 * Level 1.1 Hexes
 * Level 2.5 Summonings
 * Level 2.4 Translocations
 * Level 1.1 Fire Magic


You had 5 spell levels left.
You knew the following spells:

 Your Spells              Type           Power      Damage    Failure   Level
a - Magic Dart            Conj           52%        1d5       4%          1
b - Blink                 Tloc           N/A        N/A       7%          2
c - Call Imp              Summ           13%        N/A       7%          2
d - Slow                  Hex            8%         N/A       12%         2
e - Conjure Flame         Conj/Fire      11%        6-21      19%         3

Your spell library contained the following spells:

 Spells                   Type           Power      Damage    Failure   Level
 Mephitic Cloud           Conj/Pois/Air  7%         N/A       26%         3


Dungeon Overview and Level Annotations

Branches:
Dungeon (1/1)

Altars:

Annotations:
D Sigmund


Innate Abilities, Weirdness & Mutations

You cannot wear most types of armour.
You are amphibious.
You can wear up to eight rings at the same time.
Your skin changes colour to match your surroundings (Stealth+).
Your rubbery body absorbs attacks. (AC +1, EV +1)
((You are camouflaged near water. (Stealth+)))
You have tentacles for arms and can constrict up to eight enemies at once.


Message History

Aiming: Magic Dart (safe; 4% risk of failure)
Press: ? - help, Shift-Dir - straight line The magic dart hits something but does no damage.
Something hits you!
Unknown command.
Something barely misses you.
There is a fountain of clear blue water here.
Casting: Magic Dart (safe; 4% risk of failure)
Confirm with . or Enter, or press ? or * to list all spells.
The spell is quite dangerous to cast (19% risk of failure)!
Continue anyway?
Okay, then.
Unknown command.
Unknown command.
Casting: Conjure Flame (quite dangerous; 19% risk of failure)
Confirm with . or Enter, or press ? or * to list all spells.
Okay, then.
Unknown command.
Casting: Conjure Flame (quite dangerous; 19% risk of failure)
Confirm with . or Enter, or press ? or * to list all spells.
A beastly little devil appears in a puff of frigid air.
You hear some strange, mumbled words.
Something tries to affect you, but you resist.
Okay, then.
Casting: Call Imp (safe; 7% risk of failure)
Confirm with . or Enter, or press ? or * to list all spells.
Aiming: Magic Dart (safe; 4% risk of failure)
Press: ? - help, Shift-Dir - straight line
Casting: Magic Dart (safe; 4% risk of failure)
Confirm with . or Enter, or press ? or * to list all spells.
A beastly little devil appears in a puff of flame.
Unknown command.
What are your orders? t - Shout!
Orders for allies: a - Attack new target. r - Retreat! s - Stop attacking. g - Guard the area. f - Follow me.
Anything else - Cancel.
Guard this area!
Something hits you!
Ouch! That really hurt!
You die...

########## ##
#<.#..'..#..+
#..5.{#..'..#
#.[#####'####
#..# #..#
#..# ####
#5.# #5@#
####


You could see a friendly crimson imp (summoned, wandering) and 2 friendly white
imps.

Vanquished Creatures
  Ijyb (D)
1 creature vanquished.

Vanquished Creatures (collateral kills)
  An ogre (D)
1 creature vanquished.

Grand Total: 2 creatures vanquished

Notes
Turn   | Place    | Note
-------+----------+-------------------------------------------
     0 | D        | Conn the Octopode Hedge Wizard began the quest for the Orb.
     0 | D        | Reached XP level 1. HP: 11/11 MP: 4/4
     1 | D        | Noticed Ijyb
     5 | D        | Killed Ijyb
     6 | D        | Reached skill level 5 in Spellcasting
     6 | D        | Reached XP level 2. HP: 17/17 MP: 5/8
     6 | D        | Reached XP level 3. HP: 21/21 MP: 5/9
    46 | D        | Learned a level 2 spell: Blink
    49 | D        | Learned a level 2 spell: Call Imp
    52 | D        | Learned a level 2 spell: Slow
    56 | D        | Learned a level 3 spell: Conjure Flame
    73 | D        | Noticed an ogre
   186 | D        | Killed an ogre
   187 | D        | Reached skill level 6 in Spellcasting
   187 | D        | Reached skill level 1 in Hexes
   187 | D        | Reached skill level 1 in Fire Magic
   187 | D        | Reached XP level 4. HP: 27/27 MP: 2/12
   262 | D        | Noticed Sigmund
   290 | D        | Slain by Sigmund

Illustrated notes

Levels and vault maps discovered:
D:        dungeon_sprint_1 [red_sonja_temple_1, red_sonja_temple_small_1]

Skill      XL: |  1  2  3 |
---------------+----------+-----
Stealth        | 3 |  3.3
Spellcasting   | 5 6 |  6.0
Conjurations   | 2 |  2.5
Summonings     | 2 |  2.5
Hexes          | 1 |  1.1
Translocations | 2 |  2.4
Fire Magic     | 1 |  1.1
Dodging        | |  2.5

Action                   |  1- 3 |  4- 6 || total
-------------------------+-------+-------++-------
Melee: Dagger            |     3 |       ||     3
       Constrict         |     1 |       ||     1
       Tentacles         |     1 |       ||     1
 Cast: Call Imp          |     7 |     5 ||    12
       Magic Dart        |     1 |     3 ||     4
  Use: Potion            |     1 |     2 ||     3
Dodge: Dodged            |     1 |     2 ||     3

Table legend: (Time is in decaauts)
 A = Elapsed time spent in this place.
 B = Non-inter-level travel time spent in this place.
 C = Inter-level travel time spent in this place.
 D = Time resting spent in this place.
 E = Time spent auto-exploring this place.
 F = Levels seen in this place.
 G = Mean time per level.
                   A        B        C        D        E       F      G
               +--------+--------+--------+--------+--------+-----+--------+
         Total |    294 |    294 |      0 |    179 |      0 |   1 |  294.0 |
       Dungeon |    294 |    294 |      0 |    179 |      0 |   1 |  294.0 |
               +--------+--------+--------+--------+--------+-----+--------+

Top non-repeatable levels by time:
       D: 294 daAuts
